 Dungeon Crawl Stone Soup version 0.21-a0-78-g82a99e0 (webtiles) character file.

46 Duffy the Magician (level 3, 0/19 HPs)
             Began as a Deep Elf Earth Elementalist on June 21, 2017.
             Slain by an adder (1 damage)
             ... on level 2 of the Dungeon.
             The game lasted 00:01:43 (1329 turns).

Duffy the Magician (Deep Elf Earth Elementalist)    Turns: 1329, Time: 00:01:44

Health: 0/19       AC:  2    Str:  5    XL:     3   Next: 46%
Magic:  10/10      EV: 13    Int: 20    God:
Gold:   63         SH:  0    Dex: 15    Spells: 6/10 levels left

rFire    . . .     SeeInvis .   (no weapon)
rCold    . . .     Gourm    .   (no shield)
rNeg     . . .     Faith    .   c - +0 robe
rPois    .         Spirit   .   (no helmet)
rElec    .         Reflect  .   (no cloak)
rCorr    .         Harm     .   (no gloves)
MR       .....     Rnd*Tele +   (no boots)
Stlth    ++........             (no amulet)
HPRegen  0.06/turn              b - ring of teleportation (curse)
MPRegen  0.12/turn              (no ring)

@: no status effects
A: no striking features
a: no special abilities


You were on level 2 of the Dungeon.
You were very hungry.

You visited 1 branch of the dungeon, and saw 2 of its levels.

You collected 63 gold pieces.

Inventory:

Armour
 c - a +0 robe (worn)
Jewellery
 b - a cursed ring of teleportation (left hand)
Scrolls
 g - a scroll of teleportation
Potions
 f - a potion of resistance {unknown}
 h - a potion of magic {unknown}
Books
 e - a book of Geomancy

   Spells                             Type                      Level
   a - Sandblast                      Earth                        1
   b - Passwall                       Transmutation/Earth          2
   c - Stone Arrow                    Conjuration/Earth            3
   d - Petrify                        Transmutation/Earth          4
   e - Lee's Rapid Deconstruction     Earth                        5
Comestibles
 d - 3 bread rations


   Skills:
 - Level 2.4 Dodging
 - Level 2.4 Stealth
 - Level 4.1 Spellcasting
 + Level 1.5 Conjurations
   Level 1.1 Transmutations
 - Level 3.9 Earth Magic


You had 6 spell levels left.
You knew the following spells:

 Your Spells              Type           Power        Failure   Level  Hunger
a - Sandblast             Erth           ###...       2%          1    None
h - Stone Arrow           Conj/Erth      ###...       12%         3    ###....


Dungeon Overview and Level Annotations

Branches:
Dungeon (2/15)

Altars:
Uskayaw


Message History

Aim: a worm (heavily wounded)
The stone arrow hits the worm.
You kill the worm!
Cast which spell? (? or * to list)
You don't have enough magic to cast that spell.
You are feeling very hungry.
Magic restored.
Done exploring.
Done exploring.
You climb downwards.
The bat hits you but does no damage. The bat completely misses you.
The adder bites you. The ball python misses you. The ball python grabs you.
The ball python constricts you. The gnoll hits you but does no damage.
The bat hits you but does no damage. The adder closely misses you.
The gnoll hits you with a club. The gnoll hits you with a whip.
The ball python bites you. The ball python constricts you.
There is a stone staircase leading up, spattered with blood here.
You escape the ball python's grasp.
The bat barely misses you. The adder bites you.
You die...

#.........,,,,,,,,*
#.........,****,,,*
#####.....[...,*
*,,,,
##...........K.,*
*****
##............,,,*
#...........,,,,,*
#.......K.#*******
#.......gg# ***
#.....bS@g# *,*
#.......S.# **,*
##.......## *,,,
#........!* *,,,
#.........# *,,,
#.........# *,,,
#.........# ****
#[........#
**,,,,,,,**


You could see 3 gnolls, an adder, a bat, a ball python and a kobold.

Vanquished Creatures
  An ooze (D:1)
  2 worms (D:1)
  2 dart slugs
  A ball python (D:1)
  8 bats
  3 giant cockroaches (D:1)
  2 hobgoblins (D:1)
  3 jackals (D:1)
  A kobold (D:1)
  2 frilled lizards (D:1)
  3 goblins (D:1)
  3 rats (D:1)
31 creatures vanquished.

Notes
Turn   | Place    | Note
-------+----------+-------------------------------------------
     0 | D:1      | Duffy the Deep Elf Earth Elementalist began the quest for the Orb.
     0 | D:1      | Reached XP level 1. HP: 10/10 MP: 6/6
   149 | D:1      | Reached XP level 2. HP: 15/15 MP: 5/8
   361 | D:1      | Reached skill level 4 in Spellcasting
   595 | D:1      | Reached XP level 3. HP: 19/19 MP: 8/10
   600 | D:1      | Learned a level 3 spell: Stone Arrow
  1055 | D:2      | Reached skill level 1 in Conjurations
  1086 | D:2      | Found a hide-covered altar of Uskayaw.
  1329 | D:2      | Slain by an adder

Vault maps used:
D:1:      dpeg_arrival_rhombus, minmay_misc_feat_rugged, st_stairs_4,
          minmay_quantized
D:2:      nicolae_overflow_crystal_walls

Skill      XL: |  1  2  3 |
---------------+----------+-----
Spellcasting   | 4 |  4.1
Conjurations   | 1 |  1.5
Dodging        | |  2.4
Stealth        | |  2.4
Transmutations | |  1.1
Earth Magic    | |  3.9

Action                   || total
-------------------------++-------
 Cast: Sandblast         ||    30
       Stone Arrow       ||    13
  Use: Scroll            ||     3
  Eat: Chunk             ||     1
Armor: Robe              ||     6
Dodge: Dodged            ||    20
